 Dungeon Crawl Stone Soup version 0.25.0-10-g039870ee82 (webtiles) character file.

Game seed: 16183678815593203358

9 Flugkiller the Slasher (level 2, 6/18 HPs)
             Began as a Deep Elf Chaos Knight on June 23, 2020.
             Was a Plaything of Xom.
             Quit the game on level 1 of the Dungeon.
             The game lasted 00:00:24 (361 turns).

Flugkiller the Slasher (Deep Elf Chaos Knight)       Turns: 361, Time: 00:00:25

Health: 6/18       AC:  5    Str:  9    XL:     2   Next: 3%
Magic:  4/4        EV: 12    Int: 16    God:    Xom [..*...]
Gold:   10         SH:  0    Dex: 14    Spells: 1/1 levels left

rFire    . . .     SeeInvis .   d - +2 dagger (venom)
rCold    . . .     Gourm    .   (no shield)
rNeg     . . .     Faith    .   b - +2 leather armour
rPois    .         Spirit   .   (no helmet)
rElec    .         Reflect  .   (no cloak)
rCorr    .         Harm     .   (no gloves)
MR       .....                  (no boots)
Stlth    +.........             (no amulet)
HPRegen  0.06/turn              (no ring)
MPRegen  0.09/turn              (no ring)

@: lethally poisoned (6 -> -3)
A: no striking features
a: Renounce Religion


You were on level 1 of the Dungeon.
You worshipped Xom.
You were a toy of Xom.
You were not hungry.

You visited 1 branch of the dungeon, and saw 1 of its levels.

You collected 10 gold pieces.

Inventory:

Hand Weapons
 a - a +0 falchion of chaos
 d - a +2 dagger of venom (weapon)
   (You took it off a kobold on level 1 of the Dungeon)
Armour
 b - a +2 leather armour (worn)
Comestibles
 c - a ration


   Skills:
 + Level 2.5 Fighting
 * Level 3.0 Long Blades
 - Level 0.7 Armour
 + Level 2.7 Dodging


You had one spell level left.
You didn't know any spells.
Your spell library was empty.

Dungeon Overview and Level Annotations

Branches:
Dungeon (1/15)

Altars:


Message History

Items here: ( )) ÷÷÷ You now have 10 gold pieces (gained 6).
Found 7 boomerangs.
A kobold comes into view. It is wielding a +2 dagger of venom.
The kobold shouts!
A kobold is nearby!
A kobold is nearby!
The kobold hits you with a +2 dagger of venom.
You are poisoned.
You hit the kobold.
You feel better.
The kobold is severely wounded.
You feel sick. The kobold hits you but does no damage.
You are lethally poisoned!
You aren't carrying any potions.
You aren't carrying any scrolls.
You hit the kobold but do no damage. Lightning courses through the kobold!
You kill the kobold!
You feel sick.
You feel sick.
Things that are here:
a +2 dagger of venom; a kobold corpse
d - a +2 dagger of venom You feel sick.
Your +2 dagger of venom begins to drip with poison!
d - a +2 dagger of venom (weapon)
You feel sick.
You feel sick.
You feel sick.
You feel sick.
A jackal comes into view.
* * * LOW HITPOINT WARNING * * *
You feel sick. 2 jackals and 2 hobgoblins come into view.
The hobgoblin shouts!
The jackal barks! x3
A hobgoblin comes into view. It is wielding a +0 club.
Found 9 gold pieces.
A jackal comes into view.
* * * LOW HITPOINT WARNING * * *
You feel sick.
The hobgoblin shouts!
The jackal barks!
The hobgoblin shouts!
You hit the jackal but do no damage.
* * * LOW HITPOINT WARNING * * *
You feel sick.
You swing at nothing.
The jackal barely misses you.
The jackal bites you but does no damage.
* * * LOW HITPOINT WARNING * * *
You feel sick.
The jackal bites you but does no damage.
Are you sure you want to abandon this character and quit the game? (Confirm with "yes".)

#. ###.## #..##....$
#..#.....####
#...........#
#......(.##.##
#.....h......#### ##
#...gg#.###..##.#######.
#..hh@................
#.#.###.###..##.#######.
#............#### ##
#...###..##.## #
#.#.........# #
#.###..#### # #.†# #
#..# ## #..# ####.


You could see 3 jackals and 2 hobgoblins.

Vanquished Creatures
  A giant cockroach (D:1)
  A goblin (D:1)
  2 hobgoblins (D:1)
  2 kobolds (D:1)
  2 frilled lizards (D:1)
8 creatures vanquished.

Notes
Turn   | Place    | Note
-------+----------+-------------------------------------------
     0 | D:1      | Flugkiller the Deep Elf Chaos Knight began the quest for
                  | the Orb.
     0 | D:1      | Reached XP level 1. HP: 13/13 MP: 3/3
    49 | D:1      | XOM: silly message
    70 | D:1      | Reached skill level 3 in Long Blades
    70 | D:1      | Reached XP level 2. HP: 4/18 MP: 4/4
   361 | D:1      | Quit the game

Illustrated notes

Levels and vault maps discovered:
D:1:      co_arrival_two_rings, layout_loops_ring, minmay_misc_feat_tower,
          minmay_misc_feat_chi, minmay_large_rounded_square

Skill      XL: |  1 |
---------------+----+-----
Long Blades    | 3 |  3.0
Fighting       | |  2.5
Armour         | |  0.7
Dodging        | |  2.7

Action                   || total
-------------------------++-------
Melee: Falchion          ||    16
       Dagger            ||     1
Armor: Leather armour    ||     6
Dodge: Dodged            ||    12
       Rpst.: Falchion   ||     4
